TOP OF THE 1ST |
---|
Detroit X-Wings batting - Pitching for Chattanooga Chinpokomon : RHP Claudio Romero | Pitching: RHP Claudio Romero | | Batting: RHB Yoshitsune Kamida | 0-0: SINGLE (Line Drive, 56) | Batting: LHB Chris Loudermilk | 0-0: Ball 1-0: Foul Ball, location: 2F 1-1: Fielders Choice at 2nd, 6-4 (Groundball, 6) | Batting: RHB Oliver Acevedo | 0-0: Called Strike 0-1: Ball 1-1: Ball 2-1: Called Strike 2-2: Strikes out looking | Batting: SHB Barrett Bowden | 0-0: Called Strike 0-1: Called Strike Chris Loudermilk steals 2nd base 0-2: Ground out 5-3 (Groundball, 56S) | Top of the 1st over - 0 runs, 1 hit, 0 errors, 1 left on base; Detroit 0 - Chattanooga 0 | BOTTOM OF THE 1ST |
---|
Chattanooga Chinpokomon batting - Pitching for Detroit X-Wings : RHP Carlos Díaz | Pitching: RHP Carlos Díaz | | Batting: RHB Jeffrey Hicks | 0-0: Ground out U3 (Groundball, 3) | Batting: RHB Ben Barker | 0-0: Called Strike 0-1: SINGLE (Groundball, 6S) (infield hit) | Batting: LHB Elvin Summers | 0-0: Ball Ben Barker steals 2nd base 1-0: Foul Ball, location: 2F 1-1: Ball 2-1: Ball 3-1: Foul Ball, location: 2F 3-2: SINGLE (Line Drive, 4M) Ben Barker to third Runner from 3rd tries for Home, SAFE, throw made home | Batting: LHB Ramiro Muñóz | 0-0: Ball 1-0: Ball 2-0: Fly out, F6 (Popup, 6M) | Batting: RHB Jesús Tisnado | 0-0: Called Strike 0-1: Ball 1-1: Called Strike 1-2: Fly out, F9 (Line Drive, 9LM) | Bottom of the 1st over - 1 run, 2 hits, 0 errors, 1 left on base; Detroit 0 - Chattanooga 1 | TOP OF THE 2ND |
---|
Detroit X-Wings batting - Pitching for Chattanooga Chinpokomon : RHP Claudio Romero | Batting: RHB Enrique Aguilar | 0-0: Foul Ball, location: 2F 0-1: Foul Ball, location: 2F 0-2: SINGLE (Line Drive, 4D) | Batting: LHB Paul Alston | 0-0: Ball 1-0: Fly out, F7 (Flyball, 7S) | Batting: RHB José Pérez | 0-0: Ball Enrique Aguilar is caught stealing 2nd base 1-0: Called Strike 1-1: Swinging Strike 1-2: Ball 2-2: Ball 3-2: Strikes out swinging | Top of the 2nd over - 0 runs, 1 hit, 0 errors, 0 left on base; Detroit 0 - Chattanooga 1 | BOTTOM OF THE 2ND |
---|
Chattanooga Chinpokomon batting - Pitching for Detroit X-Wings : RHP Carlos Díaz | Batting: RHB Ichizo Akiyama | 0-0: Called Strike 0-1: Ball 1-1: Foul Ball, location: 2F 1-2: Strikes out looking | Batting: SHB William Hamilton | 0-0: SINGLE (Flyball, 9LS) | Batting: RHB Chris Jones | 0-0: Ball 1-0: Called Strike 1-1: Ball 2-1: Ball 3-1: Base on Balls William Hamilton to second | Batting: RHB Roberto Martínez | 0-0: Called Strike 0-1: SINGLE (Groundball, 56D) William Hamilton to third Chris Jones to second Runner from 3rd tries for Home, SAFE, no throw | Batting: RHB Jeffrey Hicks | 0-0: Ball 1-0: Ball Wild Pitch! Chris Jones to third Roberto Martínez to second 2-0: Foul Ball, location: 2F 2-1: Called Strike 2-2: Ball 3-2: DOUBLE (Line Drive, 9LS) Chris Jones scores Roberto Martínez scores | Batting: RHB Ben Barker | 0-0: Ball Wild Pitch! Jeffrey Hicks to third 1-0: Ball 2-0: Called Strike 2-1: Called Strike 2-2: Foul Ball, location: 2F 2-2: Ball 3-2: Base on Balls | Batting: LHB Elvin Summers | 0-0: Foul Ball, location: 2F 0-1: Fly out, F8 (Line Drive, 8LS) Runner from 3rd tags up, SCORES, no throw | Batting: LHB Ramiro Muñóz | 0-0: Ball 1-0: Ball 2-0: SINGLE (Line Drive, 7S) Ben Barker to second | Batting: RHB Jesús Tisnado | 0-0: Fielders Choice at 2nd, 5-4 (Groundball, 5) | Bottom of the 2nd over - 4 runs, 4 hits, 0 errors, 2 left on base; Detroit 0 - Chattanooga 5 | TOP OF THE 3RD |
---|
Detroit X-Wings batting - Pitching for Chattanooga Chinpokomon : RHP Claudio Romero | Batting: RHB Raúl Flores | 0-0: Ball 1-0: Ball 2-0: Foul Ball, location: 2F 2-1: SINGLE (Line Drive, 7LM) | Batting: LHB Leslie Adams | 0-0: Called Strike 0-1: Swinging Strike 0-2: Ball 1-2: Strikes out looking | Batting: RHB Yoshitsune Kamida | 0-0: Called Strike 0-1: Foul Ball, location: 2F 0-2: Grounds into double play, 4-6-3 (Groundball, 34) | Top of the 3rd over - 0 runs, 1 hit, 0 errors, 0 left on base; Detroit 0 - Chattanooga 5 | BOTTOM OF THE 3RD |
---|
Chattanooga Chinpokomon batting - Pitching for Detroit X-Wings : RHP Carlos Díaz | Batting: RHB Ichizo Akiyama | 0-0: Called Strike 0-1: SINGLE (Line Drive, 8LS) | Batting: SHB William Hamilton | 0-0: Called Strike 0-1: SINGLE (Groundball, 34D) Ichizo Akiyama to second Runner from 2nd tries for 3rd, SAFE, no throw | Batting: RHB Chris Jones | 0-0: Called Strike 0-1: Called Strike 0-2: Ball 1-2: Ball 2-2: Ball 3-2: Strikes out swinging Throwing error on steal attempt, E2 Ichizo Akiyama scores William Hamilton to third | Batting: RHB Roberto Martínez | 0-0: Ball 1-0: Called Strike 1-1: Ball 2-1: Called Strike 2-2: Ball 3-2: Strikes out looking | Batting: RHB Jeffrey Hicks | 0-0: Ball 1-0: Swinging Strike 1-1: Ball 2-1: Swinging Strike 2-2: Ball 3-2: Strikes out swinging | Bottom of the 3rd over - 1 run, 2 hits, 1 error, 1 left on base; Detroit 0 - Chattanooga 6 | TOP OF THE 4TH |
---|
Detroit X-Wings batting - Pitching for Chattanooga Chinpokomon : RHP Claudio Romero | Batting: LHB Chris Loudermilk | 0-0: Called Strike 0-1: Called Strike 0-2: DOUBLE (Flyball, 8LD) | Batting: RHB Oliver Acevedo | 0-0: Ball 1-0: SINGLE (Line Drive, 7LS) Chris Loudermilk to third | Batting: SHB Barrett Bowden | 0-0: Foul Ball, location: 2F 0-1: Foul Ball, location: 2F 0-2: Strikes out looking | Batting: RHB Enrique Aguilar | 0-0: Fly out, F8 (Flyball, 8RM) Runner from 3rd tags up, SCORES, throw made | Batting: LHB Paul Alston | 0-0: Fly out, F4 (Line Drive, 34D) | Top of the 4th over - 1 run, 2 hits, 0 errors, 1 left on base; Detroit 1 - Chattanooga 6 | BOTTOM OF THE 4TH |
---|
Chattanooga Chinpokomon batting - Pitching for Detroit X-Wings : RHP Carlos Díaz | Batting: RHB Ben Barker | 0-0: Swinging Strike 0-1: Ball 1-1: Ball 2-1: Ball 3-1: Base on Balls | Batting: LHB Elvin Summers | 0-0: Called Strike 0-1: SINGLE (Groundball, 3D) Ben Barker to second Runner from 2nd tries for 3rd, SAFE, throw made to third | Batting: LHB Ramiro Muñóz | 0-0: Swinging Strike 0-1: Foul Ball, location: 2F 0-2: Ball Elvin Summers steals 2nd base 1-2: Fly out, F3 (Line Drive, 3) | Batting: RHB Jesús Tisnado | 0-0: Ball 1-0: Called Strike 1-1: Called Strike 1-2: Strikes out swinging | Batting: RHB Ichizo Akiyama | 0-0: Ball 1-0: Ball 2-0: Foul Ball, location: 2F 2-1: Swinging Strike 2-2: Ball 3-2: Base on Balls | Batting: SHB William Hamilton | 0-0: Called Strike 0-1: Ball 1-1: Called Strike 1-2: Ground out 3-1 (Groundball, 34) | Bottom of the 4th over - 0 runs, 1 hit, 0 errors, 3 left on base; Detroit 1 - Chattanooga 6 | TOP OF THE 5TH |
---|
Detroit X-Wings batting - Pitching for Chattanooga Chinpokomon : RHP Claudio Romero | Batting: RHB José Pérez | 0-0: Ball 1-0: Called Strike 1-1: Ball 2-1: SINGLE (Groundball, 56) (infield hit) | Batting: RHB Raúl Flores | 0-0: Ball 1-0: Swinging Strike 1-1: Swinging Strike 1-2: Ball 2-2: Strikes out swinging | Batting: LHB Leslie Adams | 0-0: Ball 1-0: Swinging Strike 1-1: Ball 2-1: Ball 3-1: Called Strike 3-2: Foul Ball, location: 2F 3-2: Base on Balls José Pérez to second | Batting: RHB Yoshitsune Kamida | 0-0: SINGLE (Groundball, 56S) (infield hit) José Pérez to third Leslie Adams to second | Batting: LHB Chris Loudermilk | 0-0: Ball 1-0: Grounds into double play, 6-4-3 (Groundball, 56) | Top of the 5th over - 0 runs, 2 hits, 0 errors, 2 left on base; Detroit 1 - Chattanooga 6 | BOTTOM OF THE 5TH |
---|
Chattanooga Chinpokomon batting - Pitching for Detroit X-Wings : RHP Carlos Díaz | Pitching: LHP Clarence Skerratt | | Batting: RHB Chris Jones | 0-0: Foul Ball, location: 2F 0-1: Ball 1-1: Ball 2-1: Ball 3-1: Base on Balls | Batting: RHB Roberto Martínez | 0-0: Called Strike 0-1: Fly out, F9 (Flyball, 9LM) | Batting: RHB Jeffrey Hicks | 0-0: Ball 1-0: Fly out, F8 (Flyball, 8RS) | Batting: RHB Ben Barker | 0-0: Foul Ball, location: 2F 0-1: Called Strike 0-2: Fly out, F5 (Popup, 5SF) | Bottom of the 5th over - 0 runs, 0 hits, 0 errors, 1 left on base; Detroit 1 - Chattanooga 6 | TOP OF THE 6TH |
---|
Detroit X-Wings batting - Pitching for Chattanooga Chinpokomon : RHP Claudio Romero | Batting: RHB Oliver Acevedo | 0-0: Reached on error, E3 (Groundball, 34S) | Batting: SHB Barrett Bowden | 0-0: Fly out, F6 (Popup, 6) | Batting: RHB Enrique Aguilar | 0-0: Ball 1-0: Fielders Choice at 2nd, 1-4 (Groundball, 15) | Batting: LHB Paul Alston | 0-0: Called Strike 0-1: Ball 1-1: Ball 2-1: Ball 3-1: Base on Balls Enrique Aguilar to second | Batting: RHB José Pérez | 0-0: Foul Ball, location: 2F 0-1: Foul Ball, location: 2F 0-2: Ball 1-2: Ball 2-2: Foul Ball, location: 2F 2-2: Strikes out swinging | Top of the 6th over - 0 runs, 0 hits, 1 error, 2 left on base; Detroit 1 - Chattanooga 6 | BOTTOM OF THE 6TH |
---|
Chattanooga Chinpokomon batting - Pitching for Detroit X-Wings : LHP Clarence Skerratt | Batting: LHB Elvin Summers | 0-0: Called Strike 0-1: Ball 1-1: Ground out 4-3 (Groundball, 4S) | Batting: LHB Ramiro Muñóz | 0-0: Called Strike 0-1: Foul Ball, location: 2F 0-2: Ball 1-2: Strikes out swinging | Batting: RHB Jesús Tisnado | 0-0: Ball 1-0: Ball 2-0: Called Strike 2-1: Fly out, F8 (Flyball, 8LM) | Bottom of the 6th over - 0 runs, 0 hits, 0 errors, 0 left on base; Detroit 1 - Chattanooga 6 | TOP OF THE 7TH |
---|
Detroit X-Wings batting - Pitching for Chattanooga Chinpokomon : RHP Claudio Romero | Batting: RHB Raúl Flores | 0-0: Ground out 6-3 (Groundball, 6) | Batting: LHB Leslie Adams | 0-0: Ball 1-0: Foul Ball, location: 2F 1-1: Ball 2-1: Foul Ball, location: 2F 2-2: Ground out 3-1 (Groundball, 2R) | Batting: RHB Yoshitsune Kamida | 0-0: Swinging Strike 0-1: Ball 1-1: Ball 2-1: Ball 3-1: Base on Balls | Pitching: LHP Félix García | | Batting: LHB Chris Loudermilk | 0-0: Ball 1-0: Foul Ball, location: 2F 1-1: Called Strike 1-2: Foul Ball, location: 2F 1-2: Ground out 4-3 (Groundball, 34D) | Top of the 7th over - 0 runs, 0 hits, 0 errors, 1 left on base; Detroit 1 - Chattanooga 6 | BOTTOM OF THE 7TH |
---|
Chattanooga Chinpokomon batting - Pitching for Detroit X-Wings : LHP Clarence Skerratt | Batting: RHB Ichizo Akiyama | 0-0: Ball 1-0: Called Strike 1-1: Foul Ball, location: 2F 1-2: Foul Ball, location: 2F 1-2: Foul Ball, location: 2F 1-2: Ball 2-2: Ball 3-2: Foul Ball, location: 2F 3-2: Base on Balls | Batting: SHB William Hamilton | 0-0: Swinging Strike 0-1: Grounds into double play, 5-4-3 (Groundball, 5) | Batting: RHB Chris Jones | 0-0: Ball 1-0: Ball 2-0: Ball 3-0: Base on Balls | Batting: RHB Roberto Martínez | 0-0: Ball 1-0: Called Strike 1-1: Ball 2-1: Ball 3-1: Swinging Strike 3-2: Strikes out swinging | Bottom of the 7th over - 0 runs, 0 hits, 0 errors, 1 left on base; Detroit 1 - Chattanooga 6 | TOP OF THE 8TH |
---|
Detroit X-Wings batting - Pitching for Chattanooga Chinpokomon : LHP Félix García | Batting: RHB Oliver Acevedo | 0-0: SINGLE (Flyball, 78S) | Batting: SHB Barrett Bowden | 0-0: Fly out, F9 (Flyball, 89M) | Batting: RHB Enrique Aguilar | 0-0: Hit by Pitch Oliver Acevedo to second | Batting: LHB Paul Alston | 0-0: Ball 1-0: Ball 2-0: Called Strike 2-1: Called Strike 2-2: SINGLE (Groundball, 6MD) Oliver Acevedo to third Enrique Aguilar to second | Batting: RHB José Pérez | 0-0: Foul Ball, location: 2F 0-1: Ball 1-1: Fly out, F3 (Popup, 23F) | Batting: RHB Raúl Flores | 0-0: Ball 1-0: Ball 2-0: Foul Ball, location: 2F 2-1: Foul Ball, location: 2F 2-2: Fielders Choice at 2nd, 5-4 (Groundball, 56) | Top of the 8th over - 0 runs, 2 hits, 0 errors, 3 left on base; Detroit 1 - Chattanooga 6 | BOTTOM OF THE 8TH |
---|
Chattanooga Chinpokomon batting - Pitching for Detroit X-Wings : LHP Clarence Skerratt | Batting: RHB Jeffrey Hicks | 0-0: Ball 1-0: Ball 2-0: Fly out, F3 (Popup, 3F) | Batting: RHB Ben Barker | 0-0: Ball 1-0: Foul Ball, location: 2F 1-1: Foul Ball, location: 2F 1-2: Ball 2-2: SINGLE (Line Drive, 8LS) | Batting: LHB Elvin Summers | 0-0: Fly out, F7 (Flyball, 7LS) | Batting: LHB Ramiro Muñóz | 0-0: Ball 1-0: Ball 2-0: Ball 3-0: Base on Balls Ben Barker to second | Batting: RHB Jesús Tisnado | 0-0: Called Strike 0-1: Fly out, F9 (Flyball, 9S) | Bottom of the 8th over - 0 runs, 1 hit, 0 errors, 2 left on base; Detroit 1 - Chattanooga 6 | TOP OF THE 9TH |
---|
Detroit X-Wings batting - Pitching for Chattanooga Chinpokomon : LHP Félix García | Batting: LHB Leslie Adams | 0-0: Called Strike 0-1: Foul Ball, location: 2F 0-2: Strikes out swinging | Batting: RHB Yoshitsune Kamida | 0-0: SINGLE (Groundball, 34D) | Batting: LHB Chris Loudermilk | 0-0: Ball 1-0: Ball 2-0: Fly out, F8 (Flyball, 8RM) | Batting: RHB Oliver Acevedo | 0-0: Ball 1-0: Foul Ball, location: 2F 1-1: Ball 2-1: Fly out, F8 (Line Drive, 8LS) | Top of the 9th over - 0 runs, 1 hit, 0 errors, 1 left on base; Detroit 1 - Chattanooga 6 | |